 Dungeon Crawl Stone Soup version 0.28.0 (webtiles) character file.

Game seed: 10913944559803001109

143 tizbic2 the Caller (level 5, -4/28 HPs)
             Began as a Tengu Summoner on Feb 5, 2022.
             Slain by an ogre (17 damage)
             ... on level 4 of the Dungeon.
             The game lasted 00:16:47 (2733 turns).

tizbic2 the Caller (Tengu Summoner)                 Turns: 2733, Time: 00:16:48

Health: -4/28      AC: 11    Str:  9    XL:     5   Next: 25%
Magic:  10/10      EV:  5    Int: 23    God:
Gold:   90         SH:  0    Dex: 12    Spells: 5/9 levels left

rFire   . . .      SeeInvis .   m - staff of conjuration
rCold   . . .      Faith    .   (no shield)
rNeg    . . .      Spirit   .   f - +1 chain mail "Uxkatsom" {+Inv rElec Int+6 Dex-2}
rPois   .          Reflect  .   (helmet restricted)
rElec   +          Harm     .   (no cloak)
rCorr   .          Rampage  .   e - +1 pair of gloves
Will    +....                   (boots unavailable)
Stlth   ..........              (no amulet)
HPRegen 0.09/turn               n - ring of willpower
MPRegen 0.12/turn               (no ring)

@: flying quickly and evasively, quick
A: beak, talons 3, nimble flight
a: Evoke Invisibility


You were on level 4 of the Dungeon.
You visited 1 branch of the dungeon, and saw 4 of its levels.

You collected 90 gold pieces.

Inventory:

Hand Weapons
 k - a +2 short sword of venom
Missiles
 d - 75 stones
 o - 4 atropa-tipped darts
Armour
 c - a +0 leather armour
 e - a +1 pair of gloves (worn)
 f - the +1 chain mail "Uxkatsom" (worn) {+Inv rElec Int+6 Dex-2}
   (You acquired it on level 3 of the Dungeon)

   Int:       It affects your intelligence (+6).
   Dex:       It affects your dexterity (-2).
   rElec:     It insulates you from electricity.
   +Inv:      It lets you turn invisible.
Magical Staves
 m - a staff of conjuration (weapon)
Jewellery
 n - a ring of willpower (left hand)
 q - an amulet of faith
Scrolls
 a - 2 scrolls of blinking
 g - a scroll of vulnerability {unknown}
 h - 2 scrolls of enchant weapon {unknown}
 i - a scroll of noise {unknown}
 j - 2 scrolls of teleportation
 p - a scroll of identify {unknown}
Potions
 b - 2 potions of degeneration {unknown}
 l - a potion of lignification {unknown}


   Skills:
 * Level 0.6 Armour
 - Level 2.1 Dodging
 - Level 2.0 Stealth
 - Level 2.9 Spellcasting
 + Level 5.6 Summonings
 - Level 4.2 Air Magic


You had 5 spell levels left.
You knew the following spells:

 Your Spells              Type           Power      Damage    Failure   Level
a - Summon Small Mammal   Summ           100%       N/A       80%         1
b - Call Canine Familiar  Summ           29%        N/A       99%         3

Your spell library contained the following spells:

 Spells                   Type           Power      Damage    Failure   Level
 Call Imp                 Summ           29%        N/A       91%         2
 Slow                     Hex            12%        N/A       100%        1
 Confusing Touch          Hex            3%         N/A       100%        3
 Summon Guardian Golem    Hex/Summ       16%        N/A       100%        3
 Vampiric Draining        Necr           3%         2d6       100%        3
 Summon Lightning Spire   Summ/Air       26%        N/A       100%        4


Dungeon Overview and Level Annotations

Branches:
Dungeon (4/15)
 Temple: D:4-7

Altars:
Zin


Innate Abilities, Weirdness & Mutations

You have a beak for a mouth.
You have claws for feet.
Your magical nature lets you fly swiftly and evasively.


Message History

The endoplasm barely misses you.
You hit the endoplasm but do no damage. You claw the endoplasm.
You kill the endoplasm!
You see here a ring of flight.
A frilled lizard comes into view.
The frilled lizard hisses angrily.
You hit the frilled lizard.
The frilled lizard is heavily wounded.
The frilled lizard bites you but does no damage.
You hit the frilled lizard.
You kill the frilled lizard!
Okay, then.
Found 26 arrows.
You see here 26 arrows.
You now have 90 gold pieces (gained 7).
There is a stone staircase leading down here.
You fly downwards.
Found a silver wand and 8 gold pieces.
There is a stone staircase leading up here.
An ogre comes into view. It is wielding a +0 giant club.
The dart slug launches a dart at you. The slug dart misses you.
You hit the dart slug but do no damage. You claw the dart slug.
The dart slug is moderately wounded.
The dart slug bites you but does no damage.
You hit the dart slug but do no damage. You peck the dart slug.
The dart slug is moderately wounded.
The dart slug launches a dart at you.
The slug dart hits you but does no damage.
You hit the dart slug. You claw the dart slug.
The dart slug is severely wounded.
You hit the dart slug. Your kick misses the dart slug. You peck the dart slug.
You kill the dart slug!
The ogre hits you with a +0 giant club!
Ouch! That really hurt!
You hit the ogre.
The ogre is lightly wounded.
The ogre hits you with a +0 giant club!
Ouch! That really hurt!
You die...

............#
............#
............
...........#
...........# #
...........##.#
.......†O......
.....$.@...#
#..........#
.##..../.<##
#.####### #


You could see an ogre.

Vanquished Creatures
  3 dart slugs
  An orc (D:2)
  A ball python (D:1)
  5 bats
  2 endoplasms
  A giant cockroach (D:1)
  A goblin (D:3)
  2 hobgoblins
  2 jackals (D:3)
  3 frilled lizards
21 creatures vanquished.

Vanquished Creatures (collateral kills)
  A hound skeleton (D:3)
  5 adders (D:2)
  A worm (D:3)
  6 orcs
  3 ball pythons
  2 bats
  2 endoplasms
  2 giant cockroaches
  2 goblins
  2 hobgoblins (D:1)
  5 jackals
  5 kobolds
  2 quokkas
  A frilled lizard (D:2)
  4 rats
43 creatures vanquished.

Grand Total: 64 creatures vanquished

Notes
Turn   | Place    | Note
-------+----------+-------------------------------------------
     0 | D:1      | tizbic2 the Tengu Summoner began the quest for the Orb.
     0 | D:1      | Reached XP level 1. HP: 10/10 MP: 4/4
   218 | D:1      | Reached skill level 1 in Air Magic
   370 | D:1      | Reached XP level 2. HP: 15/15 MP: 4/6
   417 | D:1      | Reached skill level 5 in Summonings
   766 | D:1      | Reached XP level 3. HP: 19/19 MP: 4/7
  1030 | D:2      | Learned a level 3 spell: Call Canine Familiar
  1117 | D:2      | Reached XP level 4. HP: 21/24 MP: 3/8
  2267 | D:3      | Gained mutation: Your magical nature lets you fly swiftly
                  | and evasively. [Tengu growth]
  2267 | D:3      | Reached XP level 5. HP: 28/28 MP: 10/10
  2275 | D:3      | Found a glowing silver altar of Zin.
  2326 | D:3      | Identified a scroll of acquirement
  2326 | D:3      | Acquired the +1 chain mail "Uxkatsom" {+Inv rElec Int+6
                  | Dex-2}
  2727 | D:4      | Noticed an ogre
  2733 | D:4      | Slain by an ogre

Illustrated notes

Levels and vault maps discovered:
D:1:      psy_arrival_dodecagon, layout_loops_ring, minmay_pentomino_t2
D:2:      layout_basic
D:3:      layout_basic, mainiacjoe_overflow_chevrons, grunt_ministairs_6,
          item_on_display_a
D:4:      layout_basic, uniq_grinder, uniq_blork_the_orc

Skill      XL: |  1  2  3  4 |
---------------+-------------+-----
Air Magic      | 1 2 3 4 |  4.2
Summonings     | 5 |  5.6
Armour         | |  0.6
Dodging        | |  2.1
Stealth        | |  2.0
Spellcasting   | |  2.9

Action                   |  1- 3 |  4- 6 || total
-------------------------+-------+-------++-------
Melee: Club              |     5 |       ||     5
       Dagger            |    34 |     4 ||    38
       Kick              |    10 |    18 ||    28
       Peck              |     4 |     9 ||    13
       Staff             |       |    43 ||    43
       Short sword       |       |     4 ||     4
       Punch             |       |     1 ||     1
 Cast: Summon Small Mamm |    30 |     4 ||    34
       Call Canine Famil |     3 |    10 ||    13
  Use: Scroll            |       |     4 ||     4
 Stab: Sleeping          |     1 |     1 ||     2
       Distracted        |     1 |       ||     1
Armor: Leather armour    |    25 |     7 ||    32
       Chain mail        |       |    26 ||    26
Dodge: Dodged            |    51 |    23 ||    74
